 Dungeon Crawl Stone Soup version 0.26.1-11-gd32895ea62 (webtiles) character file.

Game seed: 1747615275424104426

1796 ubername the Twirler (level 8, -2/71 HPs)
             Began as a Minotaur Monk on June 12, 2021.
             Was a Priest of Okawaru.
             Killed from afar by an orc wizard (15 damage)
             ... with a puff of flame
             ... on level 7 of the Dungeon.
             The game lasted 00:12:40 (6327 turns).

ubername the Twirler (Minotaur Monk)                Turns: 6327, Time: 00:12:40

Health: -2/71      AC: 17    Str: 16    XL:     8   Next: 83%
Magic:  7/7        EV: 12    Int:  7    God:    Okawaru [***...]
Gold:   402        SH:  0    Dex: 17    Spells: 7/7 levels left

rFire    x . .     SeeInvis .   b - +3 quarterstaff (protect)
rCold    + . .     Faith    .   (shield currently unavailable)
rNeg     . . .     Spirit   .   l - +0 scale mail {rPois}
rPois    +         Reflect  .   u - +1 hat
rElec    .         Harm     .   s - +0 cloak
rCorr    .         Rampage  .   (no gloves)
Will     .....                  (no boots)
Stlth    +.........             (no amulet)
HPRegen  0.21/turn              x - ring of ice
MPRegen  0.10/turn              (no ring)

@: protection aura
A: retaliatory headbutt, horns 2, agile 1, subdued magic 1
a: Renounce Religion, Heroism


You were on level 7 of the Dungeon.
You worshipped Okawaru.
Okawaru was most pleased with you.
You visited 1 branch of the dungeon, and saw 7 of its levels.
You also visited: Sewer.

You collected 402 gold pieces.

Inventory:

Hand Weapons
 b - a +3 quarterstaff of protection (weapon)
 c - a +0 short sword of flaming
 k - a +2 falchion of protection
 w - the +8 halberd "Qeluseq" {vorpal, rPois Str+2}
   (You found it on level 5 of the Dungeon)

   It inflicts extra damage upon your enemies.
   It affects your strength (+2).
   It protects you from poison.
Missiles
 e - 7 curare-tipped darts
 m - 33 poisoned darts (quivered)
Armour
 h - a +0 buckler
 j - a +1 scale mail
 l - a +0 scale mail of poison resistance (worn)
 s - a +0 cloak (worn)
 t - a +0 plate armour
 u - a +1 hat (worn)
Jewellery
 x - a ring of ice (left hand)
Wands
 y - a wand of random effects (14)
Scrolls
 g - 3 scrolls of fog
 p - 4 scrolls of teleportation
 q - 3 scrolls of fear
Potions
 d - 3 potions of might
 i - a potion of curing
 o - 3 potions of magic
 r - 5 potions of flight
 z - 2 potions of berserk rage {unknown}
 B - a potion of brilliance


   Skills:
 + Level 6.7 Fighting
 + Level 6.0(7.6) Maces & Flails
 + Level 0.1(4.2) Polearms
 + Level 7.0(8.1) Staves
 + Level 6.9 Armour
 + Level 5.2 Dodging
 + Level 2.2 Stealth
 + Level 0.2 Shields
 + Level 1.0 Invocations


You had 7 spell levels left.
You didn't know any spells.
Your spell library was empty.

Dungeon Overview and Level Annotations

Branches:
Dungeon (7/15)             Temple (0/1) D:6           Sewer (visited)

Altars:
Okawaru


Innate Abilities, Weirdness & Mutations

You reflexively headbutt those who attack you in melee.
You have a pair of horns on your head.
You are agile. (Dex +2)
Your spells are a little easier to cast, but a little less powerful.


Message History

The orc wizard hits you but does no damage.
There is an open door, spattered with blood here.
Things that are here:
a +0 hand axe; a cursed +0 ring mail You closely miss the orc wizard.
The orc wizard points at you and mumbles some strange words.
You resist with some effort.
You sock the orc wizard! You headbutt the orc wizard.
The orc wizard is severely wounded.
The orc wizard hits you but does no damage.
You hit the orc wizard but do no damage.
The orc wizard is severely wounded.
The orc wizard gestures at you while chanting.
The magic dart hits you.
* * * LOW HITPOINT WARNING * * *
You barely miss the orc wizard.
The orc wizard is severely wounded.
The orc wizard gestures at you while chanting.
The puff of flame hits you! The fire burns you terribly!
You die...

########.....###
................
................
...............
.............##....#....
.............##....#....
..............+....#....
#..)....##....#....
##@#######....#....
..##.o......#....#....
..............#....#....
..............#....'....
..............#....#....
.!..########'##..###....
.... ##.##..#...... ...
#......#...... ..
#......#......


You could see an orc wizard.

Vanquished Creatures
  Sigmund (D:4)
  Menkaure (D:4)
  A water moccasin (D:7)
  A phantom (D:4)
  2 ogres
  4 big kobolds (Sewer)
  A scorpion (D:5)
  A howler monkey (D:5)
  Crazy Yiuf (D:4)
  2 hounds
  2 jellies
  2 orc priests
  4 orc wizards
  Natasha (thrice) (D:2)
  4 worker ants
  A killer bee zombie (D:7)
  10 adders
  2 white imps (D:5)
  5 oozes
  An adder skeleton (D:4)
  An adder zombie (D:7)
  4 worms
  4 dart slugs
  A leopard gecko (D:1)
  19 orcs
  6 ball pythons
  8 giant cockroaches
  13 goblins
  8 hobgoblins
  19 kobolds
  3 quokkas
  12 bats
  8 frilled lizards
  6 rats
161 creatures vanquished.

Notes
Turn   | Place    | Note
-------+----------+-------------------------------------------
     0 | D:1      | ubername the Minotaur Monk began the quest for the Orb.
     0 | D:1      | Reached XP level 1. HP: 19/19 MP: 0/0
   197 | D:1      | Reached XP level 2. HP: 27/27 MP: 1/1
   483 | D:1      | Reached XP level 3. HP: 31/33 MP: 2/2
  1056 | D:2      | Reached XP level 4. HP: 41/41 MP: 3/3
  1080 | D:2      | Found an iron altar of Okawaru.
  1117 | D:2      | Became a worshipper of Warmaster Okawaru
  1117 | D:2      | Reached * piety under Okawaru
  1117 | D:2      | Reached ** piety under Okawaru
  1218 | D:2      | Noticed Natasha
  1223 | D:2      | Killed Natasha
  1250 | D:2      | Noticed Natasha
  1257 | D:2      | Killed Natasha
  1258 | D:2      | Reached skill level 5 in Maces & Flails
  1258 | D:2      | Reached skill level 1 in Armour
  1258 | D:2      | Reached XP level 5. HP: 43/47 MP: 1/4
  1342 | D:2      | Noticed Natasha
  1353 | D:2      | Killed Natasha
  1651 | D:2      | Found a faded altar of an unknown god.
  1670 | D:2      | Gained mutation: Your spells are a little easier to cast,
                  | but a little less powerful. [potion of mutation]
  1670 | D:2      | Gained mutation: You are agile. (Dex +2) [potion of
                  | mutation]
  2244 | D:3      | Reached skill level 5 in Fighting
  2633 | D:4      | Reached XP level 6. HP: 46/56 MP: 5/5
  3006 | D:4      | Found a glowing drain.
  3037 | Sewer    | Entered a sewer
  3046 | Sewer    | Reached skill level 1 in Staves
  3255 | Sewer    | Reached skill level 2 in Staves
  3255 | Sewer    | Reached XP level 7. HP: 51/61 MP: 6/6
  3446 | Sewer    | Reached skill level 3 in Staves
  3446 | Sewer    | Reached skill level 5 in Armour
  3493 | D:4      | Noticed Sigmund
  3531 | D:4      | Killed Sigmund
  3531 | D:4      | Reached *** piety under Okawaru
  3532 | D:4      | Reached skill level 4 in Staves
  4000 | D:4      | Found a runed translucent door.
  4001 | D:4      | Noticed Crazy Yiuf
  4006 | D:4      | Killed Crazy Yiuf
  4050 | D:4      | Reached XP level 8. HP: 35/70 MP: 4/7
  4234 | D:4      | Noticed Menkaure
  4242 | D:4      | Reached skill level 5 in Dodging
  4242 | D:4      | Killed Menkaure
  4243 | D:4      | Reached skill level 5 in Staves
  4431 | D:5      | Entered Level 5 of the Dungeon
  4902 | D:5      | Reached skill level 6 in Staves
  4922 | D:5      | Got a bloodstained halberd
  5685 | D:6      | Found a staircase to the Ecumenical Temple.
  5928 | D:6      | Identified the +8 halberd "Qeluseq" {vorpal, rPois Str+2}
                  | (You found it on level 5 of the Dungeon)
  6321 | D:7      | Reached skill level 1 in Invocations
  6323 | D:7      | Reached skill level 7 in Staves
  6327 | D:7      | Killed from afar by an orc wizard

Illustrated notes

Levels and vault maps discovered:
D:1:      sevenhm_arrival_forest_fort_large_2, layout_basic, minmay_ruptured
D:2:      layout_rooms, okawaru_trees_2, chequers_ecumenical_altar_simple_redux,
          minmay_pentomino_v4, uniq_natasha
D:3:      layout_rooms
D:4:      layout_basic, gup_sewer_entry_glass, uniq_sigmund, uniq_menkaure,
          uniq_crazy_yiuf_cottage
D:5:      layout_basic
D:6:      layout_rooms, lemuel_temple_firewalk_b
D:7:      layout_gridville, kennysheep_another_room

Skill      XL: |  1  2  3  4  5  6  7  8 |
---------------+-------------------------+-----
Maces & Flails | 4 5 6 |  6.0
Fighting       | 4 5 6 |  6.7
Dodging        | 4 5 |  5.2
Armour         | 1 3 4 5 6 |  6.9
Staves         | 2 4 7 |  7.0
Stealth        | 2 |  2.2
Invocations    | 1 |  1.0
Polearms       | |  0.1
Shields        | |  0.2

Action                   |  1- 3 |  4- 6 |  7- 9 || total
-------------------------+-------+-------+-------++-------
Melee: Mace              |    70 |    89 |       ||   159
       Headbutt          |    11 |    31 |    37 ||    79
       Quarterstaff      |       |    90 |   161 ||   251
       Halberd           |       |       |     1 ||     1
Invok: Heroism           |       |     5 |     6 ||    11
  Use: Scroll            |     4 |     3 |     7 ||    14
       Potion            |       |     5 |     4 ||     9
Armor: Chain mail        |    31 |       |       ||    31
       Scale mail        |     9 |    96 |    52 ||   157
Dodge: Dodged            |    35 |   116 |    82 ||   233
Block: Buckler           |       |     5 |       ||     5
